 Dungeon Crawl Stone Soup version 0.28.0-55-gcd9437bce4 (webtiles) character file.

Game seed: 10030123740585718576

452 Atelerd the Digger (level 7, -3/42 HPs)
             Began as an Octopode Earth Elementalist on Jan 4, 2023.
             Slain by a wyvern zombie (11 damage)
             ... on level 6 of the Dungeon.
             The game lasted 00:05:11 (3646 turns).

Atelerd the Digger (Octopode Earth Elementalist)    Turns: 3646, Time: 00:05:12

Health: -3/42      AC:  1    Str: 14    XL:     7   Next: 4%
Magic:  5/12       EV: 13    Int: 19    God:
Gold:   167        SH:  0    Dex: 12    Spells: 8/13 levels left

rFire   . . .      SeeInvis .   e - +0 dagger
rCold   . . .      Faith    .   (no shield)
rNeg    . . .      Spirit   .   (helmet restricted)
rPois   .          Reflect  .   m - amulet of the acrobat
rElec   .          Harm     .   k - +6 ring of strength
rCorr   .          Rampage  .   (no ring)
Will    .....                   (no ring)
Stlth   +++.......              (no ring)
HPRegen 0.14/turn               (no ring)
MPRegen 0.13/turn               (no ring)
                                (no ring)
                                (no ring)

@: very slightly contaminated
A: almost no armour, amphibious, 8 rings, camouflage 1, gelatinous body 1,
(nimble swimmer 1), tentacles
a: no special abilities


You were on level 6 of the Dungeon.
You visited 1 branch of the dungeon, and saw 4 of its levels.
You also visited: Sewer.

You collected 167 gold pieces.

Inventory:

Hand Weapons
 e - a +0 dagger (weapon)
Missiles
 b - 33 stones
Jewellery
 k - a +6 ring of strength (left tentacle)
 m - an amulet of the acrobat (around mantle)
Scrolls
 a - a scroll of enchant armour {unknown}
 d - a scroll of vulnerability {unknown}
 g - 2 scrolls of blinking {unknown}
 h - 2 scrolls of noise {unknown}
 l - a scroll of magic mapping {unknown}
 n - a scroll of identify {unknown}
Potions
 c - 3 potions of curing
 f - 2 potions of brilliance {unknown}
 i - a potion of magic {unknown}
Miscellaneous
 o - a condenser vane (inert)


   Skills:
 - Level 0.7 Fighting
 - Level 0.4 Short Blades
 - Level 2.0 Dodging
 + Level 4.2 Stealth
 - Level 0.2 Unarmed Combat
 + Level 3.7 Spellcasting
 * Level 3.8 Transmutations
 + Level 4.8 Earth Magic


You had 8 spell levels left.
You knew the following spells:

 Your Spells              Type           Power      Damage    Failure   Level
a - Sandblast             Erth           42%        2d11      1%          1
p - Petrify               Tmut/Erth      20%        N/A       24%         4

Your spell library contained the following spells:

 Spells                   Type           Power      Damage    Failure   Level
 Passwall                 Tmut/Erth      16%        N/A       3%          2
 Stone Arrow              Conj/Erth      24%        3d8       16%         3


Dungeon Overview and Level Annotations

Branches:
Dungeon (6/15)              Sewer (visited)
 Temple: D:4-7

Altars:


Innate Abilities, Weirdness & Mutations

You cannot wear most types of armour.
You are amphibious.
You can wear up to eight rings at the same time.
Your skin changes colour to match your surroundings (Stealth+).
Your rubbery body absorbs attacks. (AC +1, EV +1)
((You are camouflaged when in or above water. (Stealth+)))
You have tentacles for arms and can constrict up to eight enemies at once.


Message History

You kill the rat!
A wyvern zombie comes into view.
A wyvern zombie is nearby!
A wyvern zombie is nearby!
A wyvern zombie is nearby!
A wyvern zombie is nearby!
The blast of sand hits the wyvern zombie.
The wyvern zombie is lightly damaged.
The blast of sand hits the wyvern zombie!
The wyvern zombie is moderately damaged.
The wyvern zombie bites you.
The wyvern zombie bites you but does no damage.
You hit the wyvern zombie but do no damage.
Your squeeze misses the wyvern zombie.
The wyvern zombie is moderately damaged.
The wyvern zombie bites you!
Okay, then.
Clouds of poison gas condense around you!
The condenser dries out!
The wyvern zombie bites you!
* * * LOW HITPOINT WARNING * * *
Okay, then.
Okay, then.
It was a potion of curing.
You feel better. The wyvern zombie closely misses you.
The wyvern zombie bites you.
* * * LOW HITPOINT WARNING * * *
You feel better. The wyvern zombie misses you.
Casting: Sandblast (safe; 1% risk of failure)
Confirm with . or Enter, or press ? or * to list all spells.
The spell is quite dangerous to miscast (24% risk of failure)!
Continue anyway?
Aiming: Petrify (quite dangerous; 24% risk of failure)
Press: ? - help, Shift-Dir - straight line, f/p - wyvern zombie
Aim: a wyvern zombie (poison gas, moderately damaged, chance to affect: 65%)
You miscast Petrify.
You are very lightly contaminated with residual magic.
Nothing appears to happen.
The wyvern zombie bites you!
* * * LOW HITPOINT WARNING * * *
You feel better. The wyvern zombie bites you.
* * * LOW HITPOINT WARNING * * *
The wyvern zombie bites you!
You die...

#.....#####...........
#..........#..........
#......[..............
#....).....#..........
#..........#..........
#........†............
#..........#....../..
#........≈.#.........
#........≈§@§.......
#........†§Z§.......
#.........§§§.......
#.........≈.........
#.........≈.........
#.........≈≈........
#########≈≈........
#.≈≈...... #.≈≈≈.....


You could see a wyvern zombie.

Vanquished Creatures
  A black bear (D:6)
  Pargi (Sewer)
  2 jellies (D:6)
  A hound (D:3)
  A killer bee zombie (D:6)
  A hound skeleton (D:3)
  2 adders
  2 river rats (D:6)
  2 worms
  4 dart slugs
  9 orcs
  5 endoplasms
  4 giant cockroaches
  6 goblins
  4 hobgoblins
  4 jackals (D:2)
  10 kobolds
  A quokka (D:2)
  8 ball pythons
  9 bats
  3 frilled lizards
  7 rats
87 creatures vanquished.

Vanquished Creatures (collateral kills)
  An orc (D:6)
1 creature vanquished.

Vanquished Creatures (others)
  A bullfrog (D:6)
1 creature vanquished.

Grand Total: 89 creatures vanquished

Notes
Turn   | Place    | Note
-------+----------+-------------------------------------------
     0 | D:1      | Atelerd the Octopode Earth Elementalist began the quest for
                  | the Orb.
     0 | D:1      | Reached XP level 1. HP: 11/11 MP: 3/3
    85 | D:1      | Found a faded altar of an unknown god.
   329 | D:1      | Reached XP level 2. HP: 13/18 MP: 3/5
   995 | D:2      | Reached XP level 3. HP: 22/22 MP: 6/6
  1705 | D:2      | Reached XP level 4. HP: 27/27 MP: 7/7
  2408 | D:3      | Reached XP level 5. HP: 23/32 MP: 5/9
  2811 | D:3      | You fall into a shaft and drop 3 floors!
  2819 | D:6      | Learned a level 4 spell: Petrify
  2967 | D:6      | Reached XP level 6. HP: 8/37 MP: 4/10
  3010 | D:6      | Noticed a black bear
  3021 | D:6      | Found a glowing drain.
  3025 | Sewer    | Entered a sewer
  3352 | Sewer    | Noticed Pargi
  3356 | Sewer    | Killed Pargi
  3606 | D:6      | Killed a black bear
  3607 | D:6      | Reached XP level 7. HP: 26/42 MP: 5/12
  3642 | D:6      | HP: 1/42 [wyvern zombie (14)]
  3646 | D:6      | Slain by a wyvern zombie

Illustrated notes

Levels and vault maps discovered:
D:1:      ebering_trefoil_twist, layout_loops_ring,
          chequers_ecumenical_altar_simple
D:2:      minmay_door_path, layout_rooms
D:3:      layout_basic, uniq_crazy_yiuf_cottage
D:6:      layout_basic, portal_sewer_entry_e, gammafunk_ghost_cemetery,
          minmay_crystal_room, chequers_serial_rivers_small_a,
          chequers_mini_garden

Skill      XL: |  1  2  3  4  5  6 |
---------------+-------------------+-----
Transmutations | 2 3 |  3.8
Earth Magic    | 4 |  4.8
Spellcasting   | 3 |  3.7
Stealth        | 3 4 |  4.2
Fighting       | |  0.7
Short Blades   | |  0.4
Dodging        | |  2.0
Unarmed Combat | |  0.2

Action                   |  1- 3 |  4- 6 |  7- 9 || total
-------------------------+-------+-------+-------++-------
Melee: Unarmed           |     9 |       |       ||     9
       Constrict         |    22 |    15 |     2 ||    39
       Tentacles         |    15 |    10 |     1 ||    26
       Dagger            |    58 |    44 |     5 ||   107
       Punch             |       |     1 |       ||     1
 Cast: Sandblast         |    19 |    52 |     2 ||    73
       Petrify           |       |     1 |       ||     1
Evoke: Wand              |       |     1 |       ||     1
       Condenser vane    |       |       |     1 ||     1
  Use: Scroll            |       |     3 |       ||     3
       Potion            |       |       |     3 ||     3
 Stab: Sleeping          |     8 |     7 |       ||    15
       Petrified         |       |     1 |       ||     1
Armor: Skin              |     9 |     7 |     1 ||    17
Dodge: Dodged            |    52 |    50 |     3 ||   105
